 Dungeon Sprint DCSS version 0.30-a0-824-g6c64550be9 (webtiles) character file.

Game seed: 13876151387993032631

1000000 BigDaddyOpFi the Spry (level 14, -12/115 HPs)
             Began as a Djinni Warper on Feb 27, 2023.
             Was a Believer of Makhleb.
             Mangled by a bag of meat
             ... wielding a +9 war axe
              (48 damage)
             ... in the Dungeon (Sprint VIII: "Arena of Blood").
             The game lasted 00:00:12 (10 turns).

BigDaddyOpFi the Spry (Djinni Warper)                 Turns: 10, Time: 00:00:13

Health: -12/115    AC:  5    Str: 10    XL:     14   Next: 47%
Gold:   0          EV: 23    Int: 14    God:    Makhleb [**....] SH:  0 Dex: 19

rFire   + + .      SeeInvis .    h - +∞ Axe of Woe
rCold   x . .      Faith    .    (shield currently unavailable)
rNeg    . . .      Spirit   .    a - +0 leather armour
rPois   ∞          Reflect  .    (no helmet)
rElec   .          Harm     .    (no cloak)
rCorr   .          Rampage  .    (no gloves)
Will    +....      NoTele   +    (boots unavailable)
Stlth   +                        (no amulet)
HPRegen 0.39/turn                (no ring)
MPRegen 0.00/turn                (no ring)

@: flying
A: sickness immunity, fire resistance 2, cold vulnerability 1, float, innate
caster, HP casting, extra vitality 1
a: Renounce Religion, Minor Destruction


You were in the Dungeon.
You worshipped Makhleb.
Makhleb was pleased with you.
You visited 1 branch

Inventory:

Hand Weapons
 h - the +∞ Axe of Woe (weapon)
   (You found it in the Dungeon)
Missiles
 c - 7 boomerangs of dispersal (quivered)
Armour
 a - a +0 leather armour (worn)
Scrolls
 b - 2 scrolls of blinking
Potions
 d - a potion of curing
 e - a potion of heal wounds
 f - a potion of haste
 g - a potion of berserk rage


   Skills:
 + Level 15.9 Fighting
 + Level 13.6 Throwing
 + Level 15.9 Armour
 + Level 17.4 Dodging
 + Level 16.2 Unarmed Combat
 + Level 12.7 Spellcasting


You knew the following spells:

 Your Spells              Type           Power      Damage    Failure   Level
a - Blink                 Tloc           88%        N/A       1%          2
b - Lesser Beckoning      Tloc           88%        N/A       1%          2
c - Vhi's Electric Charg  Tloc/Air       88%        N/A       1%          3
d - Teleport Other        Tloc           44%        N/A       1%          3
e - Manifold Assault      Tloc           44%        N/A       1%          4
f - Summon Small Mammal   Summ           100%       N/A       1%          1
g - Wereblood             Tmut           44%        N/A       1%          2
h - Kindle Blastsparks    Fire/Tloc/Air  88%        2d17      1%          3
i - Vampiric Draining     Necr           44%        2d9       1%          3
j - Ice Form              Ice/Tmut       44%        N/A       1%          4
k - Arcjolt               Conj/Air       22%        1d32      1%          5
Your spell library was empty.

Dungeon Overview and Level Annotations

Branches:
Dungeon (1/1)

Altars:
Makhleb


Innate Abilities, Weirdness & Mutations

You are immune to sickness and miasma.
You are immune to poison.
Your flesh is very heat resistant. (rF++)
You are vulnerable to cold. (rC-)
You float through the air rather than walking.
You learn spells naturally, not from books.
Your magical power is your life essence.
You have superior vitality. (+4 MHP)


Message History

You kill the bag of meat!
Makhleb accepts your kill.
You can now gain health from killing.
You hear a shout! x6
The meat berserker hits you with a +9 battleaxe!!
You hear a shout! x4
Your Fighting skill gained 3 levels and is now at level 13!
Your Throwing skill gained 2 levels and is now at level 11!
Your Armour skill gained 3 levels and is now at level 13!
Your Dodging skill gained 3 levels and is now at level 15!
Your Unarmed Combat skill gained 3 levels and is now at level 14!
Your Spellcasting skill gained 2 levels and is now at level 10!
You have reached level 12!
You feel agile.
You have reached level 13!
The power to cast Arcjolt wells up from within.
Spell assigned to 'k'.
You slash the meat berserker!
You hew the meat berserker savagely.
You kill the meat berserker!
Makhleb accepts your kill.
You slash the bag of meat! You chop the bag of meat into pieces.
You kill the bag of meat!
Makhleb accepts your kill.
You hear a shout! x17
The bag of meat hits you with a +9 war axe!!
Your Fighting skill gained 2 levels and is now at level 15!
Your Throwing skill gained 2 levels and is now at level 13!
Your Armour skill gained 2 levels and is now at level 15!
Your Dodging skill gained 2 levels and is now at level 17!
Your Unarmed Combat skill gained 2 levels and is now at level 16!
Your Spellcasting skill gained 2 levels and is now at level 12!
You have reached level 14!
You hit the bag of meat.
You fatally mangle the bag of meat.
You kill the bag of meat!
Makhleb accepts your kill.
You can now harness Makhleb's destructive might.
The meat berserker appears out of thin air!
A meat berserker comes into view. It is wielding a +9 battleaxe.
The meat berserker shouts!
You hear a shout! x26
The bag of meat hits you with a +9 war axe!!!
You die...

.. ..... #.
...# #.. ...# .
.###.. ...###..
......###..O...
......_.....
#....)# #_.<)@#
#...oo#
......_.o...
......###......
.###.. ...###..
#.. ...# . #.
...# .. .....


You could see a meat berserker (berserk) and 3 bags of meat.

Vanquished Creatures
  An ogre (D)
  5 orcs (D)
6 creatures vanquished.

Notes
Turn   | Place    | Note
-------+----------+-------------------------------------------
     0 | D        | Found the +∞ Axe of Woe
     0 | D        | BigDaddyOpFi the Djinni Warper began the quest for the Orb.
     0 | D        | BigDaddyOpFi set off with the following spells memorised:
                  | Blink, Lesser Beckoning, Vhi's Electric Charge, Teleport
                  | Other, Manifold Assault.
     0 | D        | Reached XP level 1. HP: 18/18 MP: 0/0
     0 | D        | Noticed a bag of meat
     2 | D        | Noticed a bag of meat
     2 | D        | Noticed a bag of meat
     3 | D        | Noticed a bag of meat
     3 | D        | Noticed a bag of meat
     3 | D        | Noticed a bag of meat
     4 | D        | Killed a bag of meat
     4 | D        | Noticed a bag of meat
     5 | D        | Reached skill level 10 in Fighting
     5 | D        | Reached skill level 10 in Armour
     5 | D        | Reached skill level 12 in Dodging
     5 | D        | Reached XP level 2. HP: 36/36 MP: 0/0
     5 | D        | Reached XP level 3. HP: 41/41 MP: 0/0
     5 | D        | Learned a level 1 spell: Summon Small Mammal
     5 | D        | Reached XP level 4. HP: 48/48 MP: 0/0
     5 | D        | Reached XP level 5. HP: 52/52 MP: 0/0
     5 | D        | Learned a level 2 spell: Wereblood
     5 | D        | Reached XP level 6. HP: 58/58 MP: 0/0
     5 | D        | Reached XP level 7. HP: 64/64 MP: 0/0
     5 | D        | Learned a level 3 spell: Kindle Blastsparks
     5 | D        | Reached XP level 8. HP: 70/70 MP: 0/0
     5 | D        | Reached XP level 9. HP: 75/75 MP: 0/0
     5 | D        | Learned a level 3 spell: Vampiric Draining
     5 | D        | Reached XP level 10. HP: 81/81 MP: 0/0
     5 | D        | Reached XP level 11. HP: 86/86 MP: 0/0
     5 | D        | Learned a level 4 spell: Ice Form
     5 | D        | Noticed a meat berserker
     6 | D        | Noticed a bag of meat
     7 | D        | Became a worshipper of Makhleb the Destroyer
     8 | D        | Killed a bag of meat
     8 | D        | Killed a bag of meat
     8 | D        | Reached * piety under Makhleb
     9 | D        | Reached skill level 15 in Dodging
     9 | D        | Reached skill level 10 in Spellcasting
     9 | D        | Reached XP level 12. HP: 62/99 MP: 0/0
     9 | D        | Reached XP level 13. HP: 65/104 MP: 0/0
     9 | D        | Learned a level 5 spell: Arcjolt
     9 | D        | Killed a meat berserker
     9 | D        | Killed a bag of meat
    10 | D        | Reached skill level 15 in Fighting
    10 | D        | Reached skill level 15 in Armour
    10 | D        | Reached skill level 17 in Dodging
    10 | D        | Reached XP level 14. HP: 36/115 MP: 0/0
    10 | D        | Killed a bag of meat
    10 | D        | Reached ** piety under Makhleb
    10 | D        | Noticed a meat berserker
    10 | D        | Mangled by a bag of meat

Illustrated notes

Levels and vault maps discovered:
D:        meatsprint

Skill      XL: |  1  2  3  4  5  6  7  8  9 10 11 12 13 |
---------------+----------------------------------------+-----
Fighting       | 10 13 15 | 15.9
Throwing       | 9 11 13 | 13.6
Armour         | 10 13 15 | 15.9
Dodging        | 12 15 17 | 17.4
Unarmed Combat | 11 14 16 | 16.2
Spellcasting   | 8 10 12 | 12.7

Action                     |  1- 3 |  4- 6 |  7- 9 | 10-12 | 13-15 || total
---------------------------+-------+-------+-------+-------+-------++-------
  Melee: Executioner's axe |     1 |       |       |     1 |     2 ||     4

Table legend: (Time is in decaauts)
 A = Elapsed time spent in this place.
 B = Non-inter-level travel time spent in this place.
 C = Inter-level travel time spent in this place.
 D = Time resting spent in this place.
 E = Time spent auto-exploring this place.
 F = Levels seen in this place.
 G = Mean time per level.
                   A        B        C        D        E       F      G
               +--------+--------+--------+--------+--------+-----+--------+
         Total |     12 |     12 |      0 |      0 |      0 |   1 |   12.0 |
       Dungeon |     12 |     12 |      0 |      0 |      0 |   1 |   12.0 |
               +--------+--------+--------+--------+--------+-----+--------+

Top non-repeatable levels by time:
       D: 12 daAuts
